Pick #1

Connor Bedard
Pick #2

Leo Carlsson
Pick #3

Adam Fantilli
Pick #4

Matvei Michkov
Pick #5

David Reinbacher
Pick #6

William Smith
Pick #7

Zachary Benson
Pick #8

Ryan Leonard
Pick #9

Gabriel Perreault
Pick #10

Axel Sandin-Pellika
Pick #11

Daniil But
Pick #12

Dalibor Dvorsky
Pick #13

Quentin Musty
Pick #14

Brayden Yager
Pick #15

Dmitry Simashev
Pick #16

Colby Barlow
Pick #17

Andrew Cristall
Pick #18

Easton Cowan
Pick #19

Jacob Fowler
Pick #20

Oliver Moore
Pick #21

Oliver Bonk
Pick #22

Tom Willander
Pick #23

Calum Ritchie
Pick #24

Tanner Molendyk
Pick #25

Gavin Brindley
Pick #26

Nate Danielson
Pick #27

Pick #28

Pick #29

Pick #30

Pick #31

Pick #32

Pick #33

Pick #34

Pick #35

Pick #36

Pick #37

Pick #38

Pick #39

Pick #40

Pick #41

Pick #42

Pick #43

Pick #44

Pick #45

Pick #46

Pick #47

Pick #48

Pick #49

Pick #50

Pick #51

Pick #52

Pick #53

Pick #54

Pick #55

Pick #56

Pick #57

Pick #58

Pick #59

Pick #60

Pick #61

Pick #62

Pick #63

Pick #64

Pick #65

Pick #66

Pick #67

Pick #68

Pick #69

Pick #70

Pick #71

Pick #72

Pick #73

Pick #74

Pick #75

Pick #76

Pick #77

Pick #78

Pick #79

Pick #80

Pick #81

Pick #82

Pick #83

Pick #84

Pick #85

Pick #86

Pick #87

Pick #88

Pick #89

Pick #90

Pick #91

Pick #92

Pick #93

Pick #94

Pick #95

Pick #96

Pick #97

Pick #98

Pick #99

Pick #100

Pick #101

Pick #102

Pick #103

Pick #104

Pick #105

Pick #106

Pick #107

Pick #108

Pick #109

Pick #110

Pick #111

Pick #112

Pick #113

Pick #114

Pick #115

Pick #116

Pick #117

Pick #118

Pick #119

Pick #120

Pick #121

Pick #122

Pick #123

Pick #124

Pick #125

Pick #126

Pick #127

Pick #128

Pick #129

Pick #130

Full Scoreboard »»

Oilers vs Rangers

Created - March 9, 2024 at 01:19

Goals
1 2 3 T
Oilers 1 1 1 3
Rangers 1 1 0 2
Shots
1 2 3 T
Oilers 17 7 13 37
Rangers 6 8 10 24

GoalsPenalties
1st period
1. Rangers , Mario Ferraro 11 (Anthony Beauvillier 30, Casey Mittelstadt 25) at 8:50 (PP)
2. Oilers , Brandon Hagel 29 (Ryan Johansen 23, Dylan Strome 27) at 19:16 (PP)
Juuso Parssinen (NYR) for Cross-checking (Minor) at 1:13
Nick Perbix (NYR) for Holding (Minor) at 5:34
Brandon Hagel (EDM) for Interference (Minor) at 8:16
Caleb Jones (NYR) for Tripping (Minor) at 15:10
Luke Schenn (NYR) for Roughing (Minor) at 18:48
2nd period
3. Oilers , Casey Cizikas 7 (Jakob Silfverberg 14, Robin Salo 4) at 1:26
4. Rangers , Nick Perbix 1 (Sebastien Aho 11, Jack Quinn 7) at 14:45 (PP)
Scott Mayfield (EDM) for High sticking (Minor) at 3:23
Luke Schenn (NYR) for High sticking (Minor) at 5:54
Alexander Barabanov (EDM) for Tripping (Minor) at 7:35
Josh Bailey (EDM) for Slashing (Double Minor) at 13:29
3rd period
5. Oilers , Ondrej Palat 13 (Dylan Strome 28, Cole Perfetti 14) at 1:41
Luke Schenn (NYR) for Interference (Minor) at 9:06
Jamie Drysdale (EDM) for Holding (Minor) at 11:06
Goalie Stats
Jack Campbell (EDM), 22 saves from 24 shots - (0.917), W, 18-16-5, 60:00 minutes
Alex Nedeljkovic (NYR), 34 saves from 37 shots - (0.919), L, 8-9-2, 59:33 minutes
3 StarsOfficial
1 - Casey Cizikas (EDM)
2 - Ondrej Palat (EDM)
3 - Dylan Strome (EDM)
Referees : Kenny Anderson and Dean Morton
Linesman : Robb Harrell and Tyson Baker
Game Note
No Game Note
Finance
Level 1 -- Attendance: 5622 (86.49%) -- Ticket Income $646,530
Level 2 -- Attendance: 3744 (74.88%) -- Ticket Income $355,680
Level 3 -- Attendance: 3099 (88.54%) -- Ticket Income $216,930
Level 4 -- Attendance: 1942 (96.81%) -- Ticket Income $97,100
Luxury Box -- Attendance: 930 (93.00%) -- Ticket Income $186,000
Game was played at the Madison Square Garden.
Total Attendance: 15337 (85.18%)
Total Ticket Income: $1,502,240
Other Income: $375,560
Total Income: $1,877,800



Team Name Goals Shots Shots Attemp Shots Blocked PIM HIT PP PK FO%
Oilers 33763512231 / 6 (17%)244%
Rangers 22448812172 / 6 (33%)156%

Oilers
Player Name POS G A P +/- PIM HIT SHT SB MP PP MP PP SHT PK MP PK SHT FO% FOT
Alexander BarabanovLW0000231016:095:5410:0000% 1
Brandon HagelLW1010219018:304:1044:06150% 4
Brock BoeserRW0000022013:484:1000:0000% 1
Casey CizikasC1011031011:030:0000:00046% 13
Cole PerfettiC0111003015:185:5520:00044% 9
Dylan StromeC0221003018:144:1004:41053% 19
Jakob SilfverbergRW0111000016:010:0004:4000% 1
Jamie DrysdaleD0001204117:344:1010:0000% 0
Josh BaileyRW0000417015:595:5560:0000% 0
Kasperi KapanenRW0001010010:140:0000:0000% 1
Ondrej PalatLW1011013015:185:5500:00050% 4
Paul StastnyC0000001111:160:0000:41043% 14
Robin SaloD0111010013:160:0000:3900% 0
Ryan JohansenC0110002018:264:1004:48041% 17
Ryan PulockD0000021023:405:5514:2700% 0
Scott MayfieldD0001220217:110:0003:4800% 0
Troy StecherD0001020118:440:0004:5900% 0
Vladislav GavrikovD0000040019:280:0005:0300% 0
Rangers
Player Name POS G A P +/- PIM HIT SHT SB MP PP MP PP SHT PK MP PK SHT FO% FOT
Anthony BeauvillierLW011-1002021:345:3515:0200% 0
Caleb JonesD000-1212022:485:1724:0900% 0
Casey MittelstadtC011-1002016:325:3500:00052% 25
Eric RobinsonLW0000012111:050:0005:1300% 0
Jack QuinnRW0110003013:113:2100:0000% 0
Jesse PuljujarviRW000-1030017:115:3500:3800% 0
Justin DanforthRW000-1041014:020:3200:0000% 1
Juuso ParssinenC000020009:250:0000:00055% 11
Kent JohnsonC0000000018:183:2105:07050% 16
Luke KuninC0000001010:440:0004:52060% 15
Luke SchennD0000631013:180:1000:0000% 0
Mario FerraroD1010001322:233:4315:3000% 0
Nathan WalkerLW000001006:280:1800:0000% 0
Nick BoninoC000-1003014:080:3200:06073% 15
Nick PerbixD101-1201021:223:4713:4300% 0
Patrik LaineLW000-1033017:473:3510:0000% 1
Riley StillmanD000-1001219:144:4911:1400% 0
Sebastien AhoD011-1011220:011:1004:4600% 0



Play-by-Play

1st period


0:01 of 1st period - Ryan Johansen wins face-off versus Casey Mittelstadt in neutral zone.
0:16 of 1st period - Shot by Brock Boeser.
0:16 of 1st period - Stopped by Alex Nedeljkovic without a rebound.
0:17 of 1st period - Nick Bonino wins face-off versus Dylan Strome in Rangers zone.
0:19 of 1st period - Icing by Patrik Laine.
0:20 of 1st period - Nick Bonino wins face-off versus Paul Stastny in Rangers zone.
0:20 of 1st period - Nick Bonino is hit by Alexander Barabanov.
0:34 of 1st period - Shot by Nick Bonino.
0:34 of 1st period - Stopped by Jack Campbell with a rebound.
0:45 of 1st period - Patrik Laine is hit by Scott Mayfield and loses puck.
1:13 of 1st period - Minor Penalty to Juuso Parssinen for Cross-checking.
1:14 of 1st period - Luke Kunin wins face-off versus Dylan Strome in Rangers zone.
2:18 of 1st period - Shot by Cole Perfetti.
2:18 of 1st period - Stopped by Alex Nedeljkovic without a rebound.
2:19 of 1st period - Kent Johnson wins face-off versus Cole Perfetti in Rangers zone.
2:40 of 1st period - Shot by Josh Bailey.
2:40 of 1st period - Stopped by Alex Nedeljkovic with a rebound.
2:42 of 1st period - Shot by Josh Bailey.
2:42 of 1st period - Shot Misses the Net.
3:23 of 1st period - Scott Mayfield is hit by Luke Schenn and loses puck.
3:35 of 1st period - Kasperi Kapanen is hit by Luke Schenn and loses puck.
5:28 of 1st period - Icing by Nick Perbix.
5:29 of 1st period - Paul Stastny wins face-off versus Juuso Parssinen in Rangers zone.
5:34 of 1st period - Minor Penalty to Nick Perbix for Holding.
5:35 of 1st period - Luke Kunin wins face-off versus Cole Perfetti in Rangers zone.
5:52 of 1st period - Shot by Josh Bailey.
5:52 of 1st period - Stopped by Alex Nedeljkovic without a rebound.
5:53 of 1st period - Luke Kunin wins face-off versus Brock Boeser in Rangers zone.
6:22 of 1st period - Shot by Brandon Hagel.
6:22 of 1st period - Stopped by Alex Nedeljkovic without a rebound.
6:23 of 1st period - Kent Johnson wins face-off versus Cole Perfetti in Rangers zone.
6:23 of 1st period - Kent Johnson is hit by Alexander Barabanov.
6:33 of 1st period - Shot by Josh Bailey.
6:33 of 1st period - Stopped by Alex Nedeljkovic without a rebound.
6:34 of 1st period - Cole Perfetti wins face-off versus Kent Johnson in Rangers zone.
6:49 of 1st period - Shot by Alexander Barabanov.
6:49 of 1st period - Stopped by Alex Nedeljkovic with a rebound.
6:57 of 1st period - Shot by Cole Perfetti.
6:57 of 1st period - Stopped by Alex Nedeljkovic with a rebound.
6:59 of 1st period - Shot by Josh Bailey.
6:59 of 1st period - Stopped by Alex Nedeljkovic without a rebound.
7:00 of 1st period - Luke Kunin wins face-off versus Dylan Strome in Rangers zone.
7:15 of 1st period - Shot by Jamie Drysdale.
7:15 of 1st period - Stopped by Alex Nedeljkovic without a rebound.
7:16 of 1st period - Kent Johnson wins face-off versus Cole Perfetti in Rangers zone.
8:07 of 1st period - Brandon Hagel is hit by Justin Danforth.
8:16 of 1st period - Minor Penalty to Brandon Hagel for Interference.
8:17 of 1st period - Paul Stastny wins face-off versus Casey Mittelstadt in Oilers zone.
8:44 of 1st period - Shot by Anthony Beauvillier.
8:44 of 1st period - Shot Misses the Net.
8:46 of 1st period - Shot by Mario Ferraro.
8:46 of 1st period - Shot Misses the Net.
8:48 of 1st period - Shot by Mario Ferraro.
8:48 of 1st period - Shot Misses the Net.
8:50 of 1st period - Shot by Mario Ferraro.
8:50 of 1st period - Goal by Mario Ferraro - Oilers : 0 - Rangers : 1.
8:51 of 1st period - Luke Kunin wins face-off versus Ondrej Palat in neutral zone.
9:04 of 1st period - Dylan Strome is hit by Nathan Walker and loses puck.
9:15 of 1st period - Shot by Ondrej Palat.
9:15 of 1st period - Stopped by Alex Nedeljkovic without a rebound.
9:16 of 1st period - Juuso Parssinen wins face-off versus Ryan Johansen in Rangers zone.
9:16 of 1st period - Juuso Parssinen is hit by Brock Boeser.
9:33 of 1st period - Shot by Brandon Hagel.
9:33 of 1st period - Deflect By Ryan Johansen.
9:33 of 1st period - Stopped by Alex Nedeljkovic with a rebound.
9:39 of 1st period - Shot by Brock Boeser.
9:39 of 1st period - Shot Misses the Net.
9:43 of 1st period - Shot by Brandon Hagel.
9:43 of 1st period - Shot Misses the Net.
9:45 of 1st period - Shot by Jamie Drysdale.
9:45 of 1st period - Stopped by Alex Nedeljkovic without a rebound.
9:46 of 1st period - Casey Mittelstadt wins face-off versus Casey Cizikas in Rangers zone.
9:55 of 1st period - Shot by Casey Mittelstadt.
9:55 of 1st period - Shot Misses the Net.
10:40 of 1st period - Shot by Josh Bailey.
10:40 of 1st period - Shot Hit the Post.
10:48 of 1st period - Shot by Paul Stastny.
10:48 of 1st period - Stopped by Alex Nedeljkovic without a rebound.
10:49 of 1st period - Luke Kunin wins face-off versus Dylan Strome in Rangers zone.
10:49 of 1st period - Luke Kunin is hit by Ondrej Palat.
11:04 of 1st period - Shot by Luke Schenn.
11:04 of 1st period - Stopped by Jack Campbell without a rebound.
11:05 of 1st period - Paul Stastny wins face-off versus Justin Danforth in Oilers zone.
11:14 of 1st period - Shot by Nick Bonino.
11:14 of 1st period - Stopped by Jack Campbell without a rebound.
11:15 of 1st period - Dylan Strome wins face-off versus Luke Kunin in Oilers zone.
11:48 of 1st period - Shot by Dylan Strome.
11:48 of 1st period - Stopped by Alex Nedeljkovic without a rebound.
11:49 of 1st period - Paul Stastny wins face-off versus Casey Mittelstadt in Rangers zone.
11:59 of 1st period - Icing by Anthony Beauvillier.
12:00 of 1st period - Casey Mittelstadt wins face-off versus Casey Cizikas in Rangers zone.
12:36 of 1st period - Shot by Anthony Beauvillier.
12:36 of 1st period - Shot Misses the Net.
12:57 of 1st period - Icing by Mario Ferraro.
12:58 of 1st period - Nick Bonino wins face-off versus Paul Stastny in Rangers zone.
13:04 of 1st period - Icing by Mario Ferraro.
13:05 of 1st period - Nick Bonino wins face-off versus Paul Stastny in Rangers zone.
13:14 of 1st period - Shot by Patrik Laine.
13:14 of 1st period - Deflect By Nick Bonino.
13:14 of 1st period - Shot Blocked by Paul Stastny.
13:24 of 1st period - Nick Bonino is hit by Josh Bailey and loses puck.
13:38 of 1st period - Jamie Drysdale is hit by Justin Danforth and loses puck.
14:19 of 1st period - Icing by Caleb Jones.
14:20 of 1st period - Casey Mittelstadt wins face-off versus Ryan Johansen in Rangers zone.
14:22 of 1st period - Icing by Anthony Beauvillier.
14:23 of 1st period - Casey Mittelstadt wins face-off versus Ryan Johansen in Rangers zone.
14:44 of 1st period - Shot by Casey Mittelstadt.
14:44 of 1st period - Deflect By Anthony Beauvillier.
14:44 of 1st period - Stopped by Jack Campbell with a rebound.
15:08 of 1st period - Icing by Casey Mittelstadt.
15:09 of 1st period - Dylan Strome wins face-off versus Casey Mittelstadt in Rangers zone.
15:09 of 1st period - Dylan Strome is hit by Sebastien Aho.
15:10 of 1st period - Minor Penalty to Caleb Jones for Tripping.
15:11 of 1st period - Cole Perfetti wins face-off versus Kent Johnson in Rangers zone.
15:20 of 1st period - Shot by Josh Bailey.
15:20 of 1st period - Shot Blocked by Mario Ferraro.
15:59 of 1st period - Icing by Ryan Pulock.
16:00 of 1st period - Ondrej Palat wins face-off versus Kent Johnson in Oilers zone.
16:17 of 1st period - Eric Robinson is hit by Alexander Barabanov and loses puck.
17:33 of 1st period - Icing by Robin Salo.
17:34 of 1st period - Casey Cizikas wins face-off versus Casey Mittelstadt in Oilers zone.
18:35 of 1st period - Shot by Patrik Laine.
18:35 of 1st period - Stopped by Jack Campbell without a rebound.
18:36 of 1st period - Juuso Parssinen wins face-off versus Dylan Strome in Oilers zone.
18:36 of 1st period - Mario Ferraro is hit by Troy Stecher and loses puck.
18:48 of 1st period - Minor Penalty to Luke Schenn for Roughing.
18:49 of 1st period - Dylan Strome wins face-off versus Kent Johnson in Rangers zone.
18:52 of 1st period - Shot by Ryan Johansen.
18:52 of 1st period - Shot Blocked by Mario Ferraro.
18:54 of 1st period - Shot by Brandon Hagel.
18:54 of 1st period - Stopped by Alex Nedeljkovic without a rebound.
18:55 of 1st period - Dylan Strome wins face-off versus Kent Johnson in Rangers zone.
19:14 of 1st period - Shot by Ryan Johansen.
19:14 of 1st period - Shot Blocked by Eric Robinson.
19:16 of 1st period - Shot by Brandon Hagel.
19:16 of 1st period - Goal by Brandon Hagel - Oilers : 1 - Rangers : 1.
19:17 of 1st period - Casey Mittelstadt wins face-off versus Paul Stastny in neutral zone.
Goals for this period are 1 for Oilers vs 1 for Rangers.
Shots for this period are 17 for Oilers vs 6 for Rangers.

2nd period


0:01 of 2nd period - Juuso Parssinen wins face-off versus Ondrej Palat in neutral zone.
1:09 of 2nd period - Off-side.
1:10 of 2nd period - Casey Cizikas wins face-off versus Nick Bonino in neutral zone.
1:24 of 2nd period - Shot by Casey Cizikas.
1:24 of 2nd period - Shot Misses the Net.
1:26 of 2nd period - Shot by Jakob Silfverberg.
1:26 of 2nd period - Deflect By Casey Cizikas.
1:26 of 2nd period - Goal by Casey Cizikas - Oilers : 2 - Rangers : 1.
1:27 of 2nd period - Luke Kunin wins face-off versus Ryan Johansen in neutral zone.
1:41 of 2nd period - Luke Kunin is hit by Vladislav Gavrikov and loses puck.
2:10 of 2nd period - Shot by Eric Robinson.
2:10 of 2nd period - Stopped by Jack Campbell without a rebound.
2:11 of 2nd period - Nick Bonino wins face-off versus Dylan Strome in Oilers zone.
2:43 of 2nd period - Shot by Justin Danforth.
2:43 of 2nd period - Stopped by Jack Campbell without a rebound.
2:44 of 2nd period - Kent Johnson wins face-off versus Paul Stastny in Oilers zone.
2:54 of 2nd period - Jack Quinn is hit by Scott Mayfield and loses puck.
3:22 of 2nd period - Kent Johnson is hit by Robin Salo.
3:23 of 2nd period - Minor Penalty to Scott Mayfield for High sticking.
3:24 of 2nd period - Casey Mittelstadt wins face-off versus Ryan Johansen in Oilers zone.
3:29 of 2nd period - Shot by Caleb Jones.
3:29 of 2nd period - Stopped by Jack Campbell without a rebound.
3:30 of 2nd period - Casey Mittelstadt wins face-off versus Ryan Johansen in Oilers zone.
4:16 of 2nd period - Icing by Riley Stillman.
4:17 of 2nd period - Ryan Johansen wins face-off versus Casey Mittelstadt in Rangers zone.
4:52 of 2nd period - Shot by Jack Quinn.
4:52 of 2nd period - Shot Misses the Net.
5:39 of 2nd period - Off-side.
5:40 of 2nd period - Casey Cizikas wins face-off versus Casey Mittelstadt in neutral zone.
5:40 of 2nd period - Casey Cizikas is hit by Jesse Puljujarvi.
5:48 of 2nd period - Shot by Kasperi Kapanen.
5:48 of 2nd period - Deflect By Casey Cizikas.
5:48 of 2nd period - Shot Misses the Net.
5:53 of 2nd period - Kasperi Kapanen is hit by Luke Schenn and loses puck.
5:54 of 2nd period - Minor Penalty to Luke Schenn for High sticking.
5:55 of 2nd period - Luke Kunin wins face-off versus Cole Perfetti in Rangers zone.
6:16 of 2nd period - Shot by Ryan Pulock.
6:16 of 2nd period - Stopped by Alex Nedeljkovic without a rebound.
6:17 of 2nd period - Kent Johnson wins face-off versus Dylan Strome in Rangers zone.
6:27 of 2nd period - Shot by Brock Boeser.
6:27 of 2nd period - Shot Blocked by Mario Ferraro.
6:29 of 2nd period - Shot by Brock Boeser.
6:29 of 2nd period - Shot Misses the Net.
6:31 of 2nd period - Shot by Brock Boeser.
6:31 of 2nd period - Deflect By Brandon Hagel.
6:31 of 2nd period - Stopped by Alex Nedeljkovic without a rebound.
6:32 of 2nd period - Cole Perfetti wins face-off versus Luke Kunin in Rangers zone.
6:37 of 2nd period - Shot by Josh Bailey.
6:37 of 2nd period - Shot Misses the Net.
7:03 of 2nd period - Shot by Ryan Pulock.
7:03 of 2nd period - Shot Blocked by Sebastien Aho.
7:35 of 2nd period - Minor Penalty to Alexander Barabanov for Tripping.
7:36 of 2nd period - Juuso Parssinen wins face-off versus Paul Stastny in Oilers zone.
7:36 of 2nd period - Sebastien Aho is hit by Vladislav Gavrikov and loses puck.
8:19 of 2nd period - Shot by Riley Stillman.
8:19 of 2nd period - Stopped by Jack Campbell without a rebound.
8:20 of 2nd period - Ryan Johansen wins face-off versus Kent Johnson in Oilers zone.
8:41 of 2nd period - Shot by Patrik Laine.
8:41 of 2nd period - Stopped by Jack Campbell without a rebound.
8:42 of 2nd period - Brandon Hagel wins face-off versus Casey Mittelstadt in Oilers zone.
10:14 of 2nd period - Shot by Nathan Walker.
10:14 of 2nd period - Shot Misses the Net.
11:57 of 2nd period - Shot by Casey Cizikas.
11:57 of 2nd period - Shot Misses the Net.
12:08 of 2nd period - Casey Cizikas is hit by Caleb Jones and loses puck.
12:22 of 2nd period - Icing by Ryan Pulock.
12:23 of 2nd period - Casey Cizikas wins face-off versus Juuso Parssinen in Oilers zone.
13:29 of 2nd period - Double Minor Penalty to Josh Bailey for Slashing.
13:30 of 2nd period - Casey Mittelstadt wins face-off versus Brandon Hagel in Oilers zone.
13:43 of 2nd period - Shot by Anthony Beauvillier.
13:43 of 2nd period - Shot Hit the Post.
14:34 of 2nd period - Patrik Laine is hit by Ryan Pulock and loses puck.
14:43 of 2nd period - Shot by Sebastien Aho.
14:43 of 2nd period - Shot Misses the Net.
14:45 of 2nd period - Shot by Nick Perbix.
14:45 of 2nd period - Goal by Nick Perbix - Oilers : 2 - Rangers : 2.
14:46 of 2nd period - Casey Mittelstadt wins face-off versus Ryan Johansen in neutral zone.
15:14 of 2nd period - Icing by Anthony Beauvillier.
15:15 of 2nd period - Casey Mittelstadt wins face-off versus Brandon Hagel in Rangers zone.
16:12 of 2nd period - Shot by Brandon Hagel.
16:12 of 2nd period - Stopped by Alex Nedeljkovic without a rebound.
16:13 of 2nd period - Nick Bonino wins face-off versus Dylan Strome in Rangers zone.
16:51 of 2nd period - Shot by Luke Kunin.
16:51 of 2nd period - Shot Blocked by Troy Stecher.
16:53 of 2nd period - Shot by Mario Ferraro.
16:53 of 2nd period - Shot Blocked by Jamie Drysdale.
16:55 of 2nd period - Shot by Luke Kunin.
16:55 of 2nd period - Stopped by Jack Campbell without a rebound.
16:56 of 2nd period - Luke Kunin wins face-off versus Paul Stastny in Oilers zone.
18:04 of 2nd period - Shot by Brandon Hagel.
18:04 of 2nd period - Stopped by Alex Nedeljkovic without a rebound.
18:05 of 2nd period - Ondrej Palat wins face-off versus Nick Bonino in Rangers zone.
18:15 of 2nd period - Shot by Patrik Laine.
18:15 of 2nd period - Shot Blocked by Scott Mayfield.
18:17 of 2nd period - Shot by Nick Bonino.
18:17 of 2nd period - Stopped by Jack Campbell without a rebound.
18:18 of 2nd period - Juuso Parssinen wins face-off versus Casey Cizikas in Oilers zone.
18:43 of 2nd period - Shot by Jack Quinn.
18:43 of 2nd period - Shot Misses the Net.
19:17 of 2nd period - Shot by Dylan Strome.
19:17 of 2nd period - Stopped by Alex Nedeljkovic without a rebound.
19:18 of 2nd period - Casey Mittelstadt wins face-off versus Ryan Johansen in Rangers zone.
19:49 of 2nd period - Shot by Brandon Hagel.
19:49 of 2nd period - Deflect By Brock Boeser.
19:49 of 2nd period - Stopped by Alex Nedeljkovic without a rebound.
19:50 of 2nd period - Nick Bonino wins face-off versus Dylan Strome in Rangers zone.
19:55 of 2nd period - Shot by Patrik Laine.
19:55 of 2nd period - Shot Misses the Net.
Goals for this period are 1 for Oilers vs 1 for Rangers.
Shots for this period are 7 for Oilers vs 8 for Rangers.

3rd period


0:01 of 3rd period - Dylan Strome wins face-off versus Patrik Laine in neutral zone.
0:29 of 3rd period - Off-side.
0:30 of 3rd period - Ryan Johansen wins face-off versus Casey Mittelstadt in neutral zone.
0:55 of 3rd period - Shot by Brandon Hagel.
0:55 of 3rd period - Shot Misses the Net.
0:57 of 3rd period - Shot by Jamie Drysdale.
0:57 of 3rd period - Stopped by Alex Nedeljkovic without a rebound.
0:58 of 3rd period - Nick Bonino wins face-off versus Casey Cizikas in Rangers zone.
0:58 of 3rd period - Nick Bonino is hit by Casey Cizikas.
1:31 of 3rd period - Off-side.
1:32 of 3rd period - Dylan Strome wins face-off versus Casey Mittelstadt in neutral zone.
1:37 of 3rd period - Shot by Cole Perfetti.
1:37 of 3rd period - Stopped by Alex Nedeljkovic with a rebound.
1:39 of 3rd period - Shot by Dylan Strome.
1:39 of 3rd period - Stopped by Alex Nedeljkovic with a rebound.
1:41 of 3rd period - Shot by Ondrej Palat.
1:41 of 3rd period - Goal by Ondrej Palat - Oilers : 3 - Rangers : 2.
1:42 of 3rd period - Juuso Parssinen wins face-off versus Ryan Johansen in neutral zone.
1:54 of 3rd period - Shot by Jack Quinn.
1:54 of 3rd period - Stopped by Jack Campbell without a rebound.
1:55 of 3rd period - Dylan Strome wins face-off versus Casey Mittelstadt in Oilers zone.
2:00 of 3rd period - Cole Perfetti is hit by Jesse Puljujarvi and loses puck.
2:31 of 3rd period - Shot by Cole Perfetti.
2:31 of 3rd period - Shot Misses the Net.
2:33 of 3rd period - Shot by Cole Perfetti.
2:33 of 3rd period - Deflect By Ondrej Palat.
2:33 of 3rd period - Stopped by Alex Nedeljkovic with a rebound.
2:35 of 3rd period - Shot by Vladislav Gavrikov.
2:35 of 3rd period - Shot Misses the Net.
2:50 of 3rd period - Off-side.
2:51 of 3rd period - Nick Bonino wins face-off versus Casey Cizikas in neutral zone.
2:51 of 3rd period - Nick Bonino is hit by Casey Cizikas.
3:44 of 3rd period - Brock Boeser is hit by Patrik Laine and loses puck.
3:53 of 3rd period - Nick Bonino is hit by Brandon Hagel and loses puck.
4:04 of 3rd period - Shot by Brandon Hagel.
4:04 of 3rd period - Stopped by Alex Nedeljkovic with a rebound.
4:06 of 3rd period - Shot by Robin Salo.
4:06 of 3rd period - Shot Misses the Net.
4:31 of 3rd period - Patrik Laine is hit by Vladislav Gavrikov and loses puck.
5:10 of 3rd period - Shot by Josh Bailey.
5:10 of 3rd period - Stopped by Alex Nedeljkovic with a rebound.
5:40 of 3rd period - Shot by Dylan Strome.
5:40 of 3rd period - Shot Misses the Net.
5:44 of 3rd period - Shot by Dylan Strome.
5:44 of 3rd period - Shot Blocked by Riley Stillman.
5:46 of 3rd period - Shot by Jamie Drysdale.
5:46 of 3rd period - Stopped by Alex Nedeljkovic with a rebound.
6:07 of 3rd period - Icing by Riley Stillman.
6:08 of 3rd period - Nick Bonino wins face-off versus Casey Cizikas in Rangers zone.
6:19 of 3rd period - Jakob Silfverberg is hit by Patrik Laine and loses puck.
7:01 of 3rd period - Off-side.
7:02 of 3rd period - Ryan Johansen wins face-off versus Casey Mittelstadt in neutral zone.
7:15 of 3rd period - Shot by Ryan Johansen.
7:15 of 3rd period - Stopped by Alex Nedeljkovic without a rebound.
7:16 of 3rd period - Paul Stastny wins face-off versus Juuso Parssinen in Rangers zone.
8:35 of 3rd period - Shot by Brandon Hagel.
8:35 of 3rd period - Stopped by Alex Nedeljkovic without a rebound.
8:36 of 3rd period - Dylan Strome wins face-off versus Luke Kunin in Rangers zone.
8:56 of 3rd period - Ondrej Palat is hit by Eric Robinson.
9:06 of 3rd period - Minor Penalty to Luke Schenn for Interference.
9:07 of 3rd period - Dylan Strome wins face-off versus Luke Kunin in Rangers zone.
9:38 of 3rd period - Eric Robinson is hit by Brock Boeser and loses puck.
9:45 of 3rd period - Shot by Brandon Hagel.
9:45 of 3rd period - Shot Misses the Net.
9:47 of 3rd period - Shot by Jamie Drysdale.
9:47 of 3rd period - Deflect By Dylan Strome.
9:47 of 3rd period - Shot Misses the Net.
10:09 of 3rd period - Shot by Josh Bailey.
10:09 of 3rd period - Stopped by Alex Nedeljkovic with a rebound.
10:15 of 3rd period - Shot by Josh Bailey.
10:15 of 3rd period - Shot Misses the Net.
10:17 of 3rd period - Shot by Josh Bailey.
10:17 of 3rd period - Stopped by Alex Nedeljkovic without a rebound.
10:18 of 3rd period - Cole Perfetti wins face-off versus Luke Kunin in Rangers zone.
11:06 of 3rd period - Minor Penalty to Jamie Drysdale for Holding.
11:07 of 3rd period - Casey Mittelstadt wins face-off versus Jakob Silfverberg in Oilers zone.
11:30 of 3rd period - Shot by Anthony Beauvillier.
11:30 of 3rd period - Stopped by Jack Campbell without a rebound.
11:31 of 3rd period - Brandon Hagel wins face-off versus Kent Johnson in Oilers zone.
11:31 of 3rd period - Troy Stecher is hit by Patrik Laine and loses puck.
11:40 of 3rd period - Shot by Caleb Jones.
11:40 of 3rd period - Stopped by Jack Campbell without a rebound.
11:41 of 3rd period - Kent Johnson wins face-off versus Ryan Johansen in Oilers zone.
11:41 of 3rd period - Kent Johnson is hit by Vladislav Gavrikov.
13:07 of 3rd period - Shot by Jack Quinn.
13:07 of 3rd period - Shot Misses the Net.
13:09 of 3rd period - Shot by Eric Robinson.
13:09 of 3rd period - Stopped by Jack Campbell without a rebound.
13:10 of 3rd period - Paul Stastny wins face-off versus Luke Kunin in Oilers zone.
14:03 of 3rd period - Icing by Ryan Pulock.
14:04 of 3rd period - Casey Mittelstadt wins face-off versus Kasperi Kapanen in Oilers zone.
14:07 of 3rd period - Shot by Casey Mittelstadt.
14:07 of 3rd period - Stopped by Jack Campbell with a rebound.
14:29 of 3rd period - Shot by Nick Perbix.
14:29 of 3rd period - Shot Misses the Net.
14:45 of 3rd period - Shot by Casey Mittelstadt.
14:45 of 3rd period - Stopped by Jack Campbell without a rebound.
14:46 of 3rd period - Ryan Johansen wins face-off versus Juuso Parssinen in Oilers zone.
15:02 of 3rd period - Shot by Jack Quinn.
15:02 of 3rd period - Stopped by Jack Campbell without a rebound.
15:03 of 3rd period - Dylan Strome wins face-off versus Nick Bonino in Oilers zone.
15:03 of 3rd period - Dylan Strome is hit by Justin Danforth.
15:09 of 3rd period - Shot by Ondrej Palat.
15:09 of 3rd period - Shot Blocked by Sebastien Aho.
16:03 of 3rd period - Shot by Brandon Hagel.
16:03 of 3rd period - Stopped by Alex Nedeljkovic without a rebound.
16:04 of 3rd period - Ryan Johansen wins face-off versus Juuso Parssinen in Rangers zone.
16:07 of 3rd period - Shot by Brock Boeser.
16:07 of 3rd period - Shot Misses the Net.
16:35 of 3rd period - Shot by Brandon Hagel.
16:35 of 3rd period - Shot Blocked by Riley Stillman.
17:20 of 3rd period - Ryan Pulock is hit by Jesse Puljujarvi and loses puck.
17:31 of 3rd period - Luke Schenn is hit by Ryan Pulock and loses puck.
17:35 of 3rd period - Icing by Ryan Pulock.
17:36 of 3rd period - Casey Cizikas wins face-off versus Nick Bonino in Oilers zone.
17:36 of 3rd period - Casey Cizikas is hit by Justin Danforth.
17:42 of 3rd period - Caleb Jones is hit by Casey Cizikas and loses puck.
17:58 of 3rd period - Nick Bonino is hit by Kasperi Kapanen and loses puck.
18:06 of 3rd period - Icing by Sebastien Aho.
18:07 of 3rd period - Nick Bonino wins face-off versus Paul Stastny in Rangers zone.
18:28 of 3rd period - Shot by Patrik Laine.
18:28 of 3rd period - Shot Misses the Net.
19:12 of 3rd period - Shot by Jesse Puljujarvi.
19:12 of 3rd period - Deflect By Anthony Beauvillier.
19:12 of 3rd period - Shot Misses the Net.
19:17 of 3rd period - Icing by Vladislav Gavrikov.
19:18 of 3rd period - Casey Cizikas wins face-off versus Kent Johnson in Oilers zone.
19:33 of 3rd period - Rangers, Alex Nedeljkovic is pulled from the net.
19:37 of 3rd period - Shot by Nick Perbix.
19:37 of 3rd period - Shot Misses the Net.
19:39 of 3rd period - Shot by Kent Johnson.
19:39 of 3rd period - Shot Misses the Net.
19:41 of 3rd period - Shot by Patrik Laine.
19:41 of 3rd period - Shot Misses the Net.
19:43 of 3rd period - Shot by Patrik Laine.
19:43 of 3rd period - Shot Misses the Net.
19:45 of 3rd period - Shot by Patrik Laine.
19:45 of 3rd period - Deflect By Kent Johnson.
19:45 of 3rd period - Shot Blocked by Scott Mayfield.
19:47 of 3rd period - Shot by Sebastien Aho.
19:47 of 3rd period - Stopped by Jack Campbell without a rebound.
19:48 of 3rd period - Kent Johnson wins face-off versus Alexander Barabanov in Oilers zone.
19:50 of 3rd period - Patrik Laine is hit by Troy Stecher.
19:55 of 3rd period - Shot by Jack Quinn.
19:55 of 3rd period - Stopped by Jack Campbell with a rebound.
19:57 of 3rd period - Shot by Jack Quinn.
19:57 of 3rd period - Deflect By Patrik Laine.
19:57 of 3rd period - Stopped by Jack Campbell without a rebound.
19:58 of 3rd period - Kent Johnson wins face-off versus Casey Cizikas in Oilers zone.
Goals for this period are 1 for Oilers vs 0 for Rangers.
Shots for this period are 13 for Oilers vs 10 for Rangers.